 Dungeon Crawl Stone Soup version 0.29-a0-323-g050149af67 (webtiles) character file.

Game seed: 12819673628873601232

2130 Jortsu the Grappler (level 9, -18/72 HPs)
             Began as a Troll Hunter on Apr 11, 2022.
             Was an Elder of Hepliaklqana.
             Demolished by a two-headed ogre
             ... wielding a +0 giant club
              (28 damage)
             ... on level 7 of the Dungeon.
             The game lasted 00:11:22 (4907 turns).

Jortsu the Grappler (Troll Hunter)                  Turns: 4907, Time: 00:11:22

Health: -18/72     AC:  5    Str: 23    XL:     9   Next: 9%
Magic:  8/8        EV: 11    Int:  5    God:    Hepliaklqana [****..]
Gold:   486        SH:  0    Dex: 15    Spells: 8/8 levels left

rFire   . . .      SeeInvis +     - Unarmed
rCold   . . .      Faith    .   (no shield)
rNeg    + . .      Spirit   .   b - +1 robe
rPois   .          Reflect  .   (helmet restricted)
rElec   .          Harm     .   (no cloak)
rCorr   .          Rampage  .   (gloves unavailable)
Will    .....                   (boots unavailable)
Stlth   ++........              (no amulet)
HPRegen 1.02/turn               r - ring of see invisible
MPRegen 0.11/turn               o - ring of positive energy

@: no status effects
A: reduced essence, large, unfitting armour, claws 3, regeneration 1, shaggy fur
1, tough skin 1
a: Renounce Religion, Recall Ancestor, Ancestor Identity, Transference, Idealise


You were on level 7 of the Dungeon.
You worshipped Hepliaklqana.
Hepliaklqana was greatly pleased with you.
You visited 1 branch of the dungeon, and saw 7 of its levels.

You collected 486 gold pieces.

Inventory:

Hand Weapons
 a - a +2 hunting sling
 m - the +5 demon whip "Spellbinder" {antimagic, Will+}
   (You found it on level 6 of the Dungeon)

   It reduces the magical energy of the wielder, and disrupts the spells and
   magical abilities of those it strikes.
   Natural abilities and divine invocations are not affected.
   It unleashes wild and unpredictable magical effects upon striking a wizard or
   a creature with magical abilities.
   Will:      It increases your willpower.
Armour
 b - a +1 robe (worn)
Jewellery
 o - a ring of positive energy (right claw)
 r - a ring of see invisible (left claw)
Wands
 s - a wand of iceblast (6)
 t - a wand of digging (6)
Scrolls
 c - 2 scrolls of immolation
 h - a scroll of blinking
 k - 2 scrolls of enchant weapon
 l - a scroll of fog
Potions
 d - 2 potions of ambrosia {unknown}
 e - a potion of flight
 f - a potion of magic
 g - 3 potions of attraction {unknown}
 i - 5 potions of curing {unknown}
 j - 4 potions of heal wounds
 n - a potion of degeneration {unknown}
 p - a potion of mutation {unknown}
 q - a potion of lignification {unknown}


   Skills:
 + Level 3.1 Fighting
 + Level 3.2 Slings
 + Level 4.3 Dodging
 + Level 3.5 Stealth
 + Level 8.2 Unarmed Combat


You had 8 spell levels left.
You didn't know any spells.
Your spell library contained the following spells:

 Spells                   Type           Power      Damage    Failure   Level
 Freeze                   Ice            0%         1d3       47%         1
 Gell's Gravitas          Tloc           0%         N/A       85%         3
 Ozocubu's Armour         Ice            0%         N/A       85%         3
 Teleport Other           Tloc           0%         N/A       85%         3
 Flame Wave               Conj/Fire      0%         2d4       99%         4
 Summon Forest            Summ/Tloc      0%         N/A       100%        5
 Dispersal                Tloc           0%         N/A       100%        6
 Eringya's Noxious Bog    Tmut/Pois      0%         N/A       100%        6
 Summon Hydra             Summ           0%         N/A       100%        7


Dungeon Overview and Level Annotations

Branches:
Dungeon (7/15)             Temple (0/1) D:4

Altars:
Hepliaklqana
The Shining One

Shops:
D:3 (


Innate Abilities, Weirdness & Mutations

Your life essence is reduced to manifest your ancestor. (-10% HP)
You are too large for most types of armour.
You have claws for hands.
Your natural rate of healing is unusually fast.
You are covered in fur. (AC +1)
You have tough skin. (AC +1)


Message History

You start resting.
Tlaloc emerges from the mists of memory!
You start resting.
HP restored.
There is a stone staircase leading down here.
You climb downwards.
The two-headed ogre hits you with a +0 giant club!!
The two-headed ogre closely misses you.
There is a stone staircase leading up, spattered with blood here.
Tlaloc hits the two-headed ogre with a +0 quarterstaff!
The two-headed ogre hits Tlaloc with a +0 giant club.
The two-headed ogre misses Tlaloc.
Tlaloc hits the two-headed ogre with a +0 quarterstaff!!
The two-headed ogre hits Tlaloc with a +0 giant club!!
The two-headed ogre hits Tlaloc with a +0 giant spiked club!!
Tlaloc is destroyed!
The two-headed ogre shouts in stereo!
You scratch the two-headed ogre.
The two-headed ogre is severely wounded.
The two-headed ogre barely misses you.
The two-headed ogre hits you with a +0 giant spiked club.
You claw the two-headed ogre!
The two-headed ogre is severely wounded.
A sky beast comes into view.
You scratch the two-headed ogre but do no damage.
The two-headed ogre is severely wounded.
The two-headed ogre hits you with a +0 giant club!!
The two-headed ogre misses you.
You completely miss the two-headed ogre.
The two-headed ogre is severely wounded.
You claw the two-headed ogre! You claw the two-headed ogre.
The two-headed ogre is almost dead.
The two-headed ogre closely misses you.
The two-headed ogre hits you with a +0 giant spiked club!!
* * * LOW HITPOINT WARNING * * *
You barely miss the two-headed ogre.
The two-headed ogre is almost dead.
The sky beast flickers out of sight for a moment.
The two-headed ogre hits you with a +0 giant club!!
You die...

#.# #.## #..##
#...#
#.#.#######
#..(......# #
#.........##.#
#..O..)......#
##...@.....###
...Y...>.....+
####.........#
#.........#
#.........#
#.####'#### #.
#..# #. #..##
##..#


You could see a two-headed ogre and a sky beast (invisible).

Vanquished Creatures
  A water moccasin (D:3)
  An orc warrior (D:6)
  2 black bears (D:5)
  2 ice beasts
  Dowan (D:6)
  A jelly (D:6)
  An orc priest (D:6)
  2 iguanas
  A gnoll (D:3)
  7 adders
  A shadow imp (D:7)
  3 dart slugs
  13 orcs
  11 endoplasms
  2 goblins
  4 hobgoblins
  7 jackals
  7 kobolds
  4 quokkas
  5 ball pythons
  3 bats
  3 rats
82 creatures vanquished.

Vanquished Creatures (collateral kills)
  Sigmund (D:6)
  A water moccasin (D:7)
  Duvessa (D:6)
  A sky beast (D:6)
  3 ice beasts
  A kobold brigand (D:5)
  A bullfrog (D:7)
  A gnoll sergeant (D:4)
  A scorpion (D:5)
  A hound (D:5)
  A jelly (D:4)
  An orc priest (D:4)
  An iguana (D:5)
  7 gnolls
  3 adders
  A white imp (D:7)
  A worm (D:2)
  4 orcs (D:6)
  A ball python (D:4)
  2 goblins (D:4)
  2 hobgoblins (D:4)
  3 jackals
  3 kobolds
  A rat (D:3)
43 creatures vanquished.

Vanquished Creatures (others)
  3 battlemagi
3 creatures vanquished.

Grand Total: 128 creatures vanquished

Notes
Turn   | Place    | Note
-------+----------+-------------------------------------------
     0 | D:1      | Jortsu the Troll Hunter began the quest for the Orb.
     0 | D:1      | Reached XP level 1. HP: 19/19 MP: 0/0
   181 | D:1      | Reached XP level 2. HP: 27/27 MP: 1/1
   557 | D:1      | Reached skill level 1 in Unarmed Combat
   582 | D:1      | Found a faded altar of an unknown god.
   586 | D:1      | Reached XP level 3. HP: 33/33 MP: 2/2
   588 | D:1      | Prayed at the altar of an unknown god.
   588 | D:1      | Became a worshipper of Hepliaklqana the Forgotten
   588 | D:1      | Reached * piety under Hepliaklqana
  1187 | D:3      | Reached skill level 2 in Unarmed Combat
  1187 | D:3      | Reached XP level 4. HP: 37/37 MP: 3/3
  1371 | D:3      | Reached ** piety under Hepliaklqana
  1372 | D:3      | Remembered your ancestor Tlaloc as a battlemage
  1393 | D:3      | Found Iniroiff's Antique Weapon Boutique.
  1453 | D:3      | Noticed a water moccasin
  1466 | D:3      | Killed a water moccasin
  1467 | D:3      | Reached skill level 1 in Stealth
  1467 | D:3      | Reached skill level 3 in Unarmed Combat
  1467 | D:3      | Reached XP level 5. HP: 32/44 MP: 4/4
  1512 | D:3      | Found a glowing golden altar of the Shining One.
  2013 | D:4      | Reached XP level 6. HP: 51/51 MP: 5/5
  2273 | D:4      | Reached skill level 4 in Unarmed Combat
  2495 | D:4      | Reached *** piety under Hepliaklqana
  2559 | D:4      | Found a staircase to the Ecumenical Temple.
  2880 | D:5      | Entered Level 5 of the Dungeon
  2880 | D:5      | Noticed an ice beast
  2883 | D:5      | Reached XP level 7. HP: 58/58 MP: 6/6
  2888 | D:5      | Reached skill level 5 in Unarmed Combat
  3374 | D:5      | Reached skill level 6 in Unarmed Combat
  3401 | D:5      | Got the Catalogue of Flamy Cold
  3523 | D:5      | Reached XP level 8. HP: 66/66 MP: 7/7
  3858 | D:6      | Found the +5 demon whip "Spellbinder" {antimagic, Will+}
  3969 | D:6      | Reached skill level 7 in Unarmed Combat
  4074 | D:6      | Noticed Sigmund
  4082 | D:6      | Killed Sigmund
  4115 | D:6      | Noticed Dowan
  4115 | D:6      | Noticed Duvessa
  4122 | D:6      | Killed Duvessa
  4126 | D:6      | Killed Dowan
  4156 | D:6      | Reached **** piety under Hepliaklqana
  4702 | D:7      | Reached skill level 8 in Unarmed Combat
  4702 | D:7      | Reached XP level 9. HP: 58/72 MP: 8/8
  4813 | D:7      | Noticed a two-headed ogre
  4907 | D:7      | Demolished by a two-headed ogre

Illustrated notes

Levels and vault maps discovered:
D:1:      saegor_arrival_simple_b, layout_basic,
          hellmonk_ecumenical_altar_heavens_door
D:2:      layout_rooms, kennysheep_nub
D:3:      layout_loops_ring, mainiacjoe_overflow_catwalk, serial_shops,
          nicolae_lakefront_shop
D:4:      layout_layer_cave, minmay_temple_entry_wispy, minmay_misc_feat_rows
D:5:      layout_basic
D:6:      layout_cave_pods, serial_column_ruins, column_ruins_hut_ruined,
          column_ruins_columns_T, column_ruins_corridor_corner,
          column_ruins_columns_corner, column_ruins_grid_1,
          kennysheep_crisscross, grunt_decor_mini_mirrors,
          minmay_misc_feat_nine_boxes, uniq_duvessa, uniq_sigmund
D:7:      layout_basic, kennysheep_path_1

Skill      XL: |  1  2  3  4  5  6  7  8 |
---------------+-------------------------+-----
Slings         | 3 |  3.2
Unarmed Combat | 1 2 3 4 6 8 |  8.2
Dodging        | 2 3 4 |  4.3
Stealth        | 1 2 3 |  3.5
Fighting       | 2 3 |  3.1

Action                   |  1- 3 |  4- 6 |  7- 9 || total
-------------------------+-------+-------+-------++-------
Melee: Unarmed           |    93 |    74 |   100 ||   267
       Punch             |     2 |     2 |     9 ||    13
Invok: Recall Ancestor   |     1 |       |       ||     1
       Ancestor Identity |     1 |       |       ||     1
       Ancestor Life: Ba |       |     1 |       ||     1
  Use: Scroll            |     8 |     3 |     1 ||    12
 Stab: Sleeping          |     3 |     3 |     6 ||    12
       Distracted        |       |     1 |       ||     1
Armor: Robe              |    29 |    28 |    24 ||    81
Dodge: Dodged            |    41 |    38 |    50 ||   129

Table legend: (Time is in decaauts)
 A = Elapsed time spent in this place.
 B = Non-inter-level travel time spent in this place.
 C = Inter-level travel time spent in this place.
 D = Time resting spent in this place.
 E = Time spent auto-exploring this place.
 F = Levels seen in this place.
 G = Mean time per level.
                   A        B        C        D        E       F      G
               +--------+--------+--------+--------+--------+-----+--------+
         Total |   4886 |   4706 |    180 |    157 |   3424 |   7 |  698.0 |
       Dungeon |   4886 |   4706 |    180 |    157 |   3424 |   7 |  698.0 |
               +--------+--------+--------+--------+--------+-----+--------+

Top non-repeatable levels by time:
     D:4: 1059 daAuts
     D:5: 930 daAuts
     D:6: 928 daAuts
     D:1: 709 daAuts
     D:3: 692 daAuts
     D:2: 412 daAuts
     D:7: 154 daAuts
